 Dungeon Crawl Stone Soup version 0.23.0 (webtiles) character file.

Game seed: 9563034141718850508

4016 Frank the Carver (level 10, 0/68 HPs)
             Began as an Octopode Fighter on Feb 18, 2019.
             Was an Initiate of Makhleb.
             Slain by an orc priest
             ... wielding a +0 hand axe
              (7 damage)
             ... on level 8 of the Dungeon.
             The game lasted 00:11:33 (6301 turns).

Frank the Carver (Octopode Fighter)                 Turns: 6301, Time: 00:11:34

Health: 0/68       AC:  1    Str: 15    XL:     10   Next: 23%
Magic:  13/13      EV: 16    Int: 10    God:    Makhleb [......]
Gold:   419        SH: 15    Dex: 21    Spells: 9/9 levels left

rFire    + . .     SeeInvis .   a - +3 long sword
rCold    . . .     Gourm    .   b - +4 shield
rNeg     . . .     Faith    .   (helmet restricted)
rPois    .         Spirit   .   t - amulet of magic regeneration
rElec    .         Reflect  .   j - +5 ring of dexterity
rCorr    .         Harm     .   g - ring of protection from fire
MR       .....                  (no ring)
Stlth    +++++.....             (no ring)
HPRegen  0.21/turn              (no ring)
MPRegen  0.38/turn              (no ring)
                                (no ring)
                                (no ring)

@: no status effects
A: almost no armour, stealthy swim, amphibious, 8 rings, constrict 8, camouflage
1, gelatinous body 1
a: Renounce Religion


You were on level 8 of the Dungeon.
You worshipped Makhleb.
Makhleb was noncommittal.
You were not hungry.

You visited 2 branches of the dungeon, and saw 9 of its levels.

You collected 419 gold pieces.

Inventory:

Hand Weapons
 a - a +3 long sword (weapon)
Armour
 b - a +4 shield (worn)
Jewellery
 e - an uncursed ring of ice
 g - a ring of protection from fire (right tentacle)
 j - a +5 ring of dexterity (left tentacle)
 t - an amulet of magic regeneration (around mantle)
 v - an uncursed amulet of harm {unknown}
Wands
 l - a wand of digging (6)
 o - a wand of iceblast (4)
Scrolls
 f - a scroll of amnesia
 i - a scroll of fear
 k - 2 scrolls of remove curse
 m - 3 scrolls of identify
 q - 2 scrolls of teleportation
 s - a scroll of vulnerability {unknown}
Potions
 c - 3 potions of might
 h - a potion of invisibility
 n - a potion of flight
 p - a potion of brilliance
 r - a potion of lignification
 u - a potion of ambrosia
Comestibles
 d - 15 rations


   Skills:
 + Level 5.9 Fighting
 + Level 8.5 Long Blades
 + Level 5.6 Dodging
 + Level 7.7 Stealth
 + Level 7.1 Shields
 * Level 4.7 Evocations


You had 9 spell levels left.
You didn't know any spells.
Your spell library contained the following spells:

 Spells                   Type           Power        Failure   Level  Hunger
 Confusing Touch          Hex            #.....       71%         1    ##.....
 Confuse                  Hex            #.......     97%         3    ####...
 Gell's Gravitas          Tloc           #.........   97%         3    ####...
 Petrify                  Tmut/Erth      #.......     100%        4    #####..
 Metabolic Englaciation   Hex/Ice        #.........   100%        5    ######.
 Yara's Violent Unravell  Hex/Tmut       #.........   100%        5    ######.


Dungeon Overview and Level Annotations

Branches:
Dungeon (8/15)             Temple (1/1) D:7
   Lair: D:8-11

Altars:
Ashenzari
Cheibriados
Elyvilon
Fedhas
Gozag
Kikubaaqudgha
Makhleb
Nemelex Xobeh
Okawaru
Qazlal
Ru
Trog
Uskayaw
Vehumet
Xom
Zin
The Shining One


Innate Abilities, Weirdness & Mutations

You cannot wear most types of armour.
You are very stealthy in the water. (Stealth+)
You are amphibious.
You can wear up to eight rings at the same time.
You can use your tentacles to constrict eight enemies at once.
Your skin changes colour to match your surroundings (Stealth+).
Your rubbery body absorbs attacks. (AC +1, EV +1)


Message History

You are too injured to fight recklessly!
You are too injured to fight recklessly!
You are too injured to fight recklessly!
You are too injured to fight recklessly!
You are too injured to fight recklessly!
You are too injured to fight recklessly!
You are too injured to fight recklessly!
Unknown command.
You hit the orc warrior.
The orc warrior is moderately wounded.
You constrict the orc warrior. You block the orc priest's attack.
The orc warrior hits you with a +0 dire flail!!
* * * LOW HITPOINT WARNING * * *
Unknown command.
You slash the orc priest! Your grab misses the orc priest.
Your squeeze misses the orc priest.
The orc priest is severely wounded.
You constrict the orc warrior, but do no damage.
The orc priest hits you with a +0 hand axe!
You die...

#.# #.# #.## #..# .#.#
######### .#.###
#.......#
.#.#.####..###..#
....#........#..#######
.#.###.##......)@o{...#
..## ##....#.#..#o###.#
.#.###.##.......#..#
###.#..##....(#######
##.#.......## #_##
#.######### ...8
#.....# ...$#
#..##.###### ...?8
#..##.##...#


You could see an orc warrior and an orc priest.

Vanquished Creatures
  Harold (D:7)
  4 slime creatures (D:7)
  A hungry ghost (D:6)
  Eustachio (D:5)
  Menkaure (D:7)
  A water moccasin (D:7)
  An orc warrior (D:7)
  2 ice beasts
  A phantom (D:6)
  A black bear (D:7)
  4 ogres
  3 centaurs
  A big kobold (D:7)
  2 bullfrogs (D:7)
  2 scorpions
  3 howler monkeys
  2 crimson imps (D:5)
  2 centaur zombies
  2 jellies (D:7)
  A centaur skeleton (D:5)
  3 orc priests
  A hound (D:6)
  A bullfrog skeleton (D:7)
  Terence (D:3)
  2 worker ants
  A hound zombie (D:5)
  A worker ant zombie (D:3)
  7 gnolls
  7 adders
  3 oozes
  An adder skeleton (D:7)
  An adder zombie (D:4)
  2 worms
  A dart slug (D:3)
  8 leopard geckos
  9 orcs
  8 giant cockroaches
  10 goblins
  9 hobgoblins
  12 jackals
  2 quokkas
  2 ball pythons
  11 bats
  7 frilled lizards
  16 kobolds
  A leopard gecko skeleton (D:4)
  6 rats
169 creatures vanquished.

Vanquished Creatures (others)
  A jackal (D:7)
  A quokka (D:7)
2 creatures vanquished.

Grand Total: 171 creatures vanquished

Notes
Turn   | Place    | Note
-------+----------+-------------------------------------------
     0 | D:1      | Frank the Octopode Fighter began the quest for the Orb.
     0 | D:1      | Reached XP level 1. HP: 16/16 MP: 1/1
    43 | D:1      | Reached XP level 2. HP: 14/21 MP: 2/2
    99 | D:1      | Reached XP level 3. HP: 18/26 MP: 3/3
   277 | D:1      | Reached skill level 1 in Stealth
   536 | D:2      | Reached XP level 4. HP: 31/31 MP: 4/4
   969 | D:2      | Found a faded altar of an unknown god.
  1704 | D:3      | Noticed Terence
  1709 | D:3      | Killed Terence
  1709 | D:3      | Reached XP level 5. HP: 37/37 MP: 5/5
  1715 | D:3      | Reached skill level 3 in Long Blades
  1757 | D:3      | Found a blossoming altar of Fedhas.
  2247 | D:3      | Reached XP level 6. HP: 36/43 MP: 6/6
  2591 | D:4      | Found a hide-covered altar of Uskayaw.
  3161 | D:4      | Reached skill level 4 in Long Blades
  3182 | D:5      | Entered Level 5 of the Dungeon
  3198 | D:5      | Noticed Eustachio
  3206 | D:5      | Killed Eustachio
  3206 | D:5      | Reached XP level 7. HP: 38/48 MP: 7/7
  3424 | D:5      | Reached skill level 5 in Long Blades
  3899 | D:6      | Reached XP level 8. HP: 47/54 MP: 8/8
  3920 | D:6      | Reached skill level 5 in Stealth
  3920 | D:6      | Reached skill level 5 in Shields
  3967 | D:6      | Reached skill level 6 in Long Blades
  3978 | D:6      | Found a shimmering altar of Xom.
  4413 | D:6      | Found a sparkling altar of Nemelex Xobeh.
  4545 | D:7      | Noticed Menkaure
  4808 | D:7      | Reached skill level 1 in Evocations
  4881 | D:7      | HP: 2/54 [orc warrior/+0 halberd (15)]
  4891 | D:7      | Reached skill level 5 in Fighting
  4891 | D:7      | Reached XP level 9. HP: 23/61 MP: 8/10
  4898 | D:7      | Reached skill level 7 in Long Blades
  4902 | D:7      | Reached skill level 5 in Dodging
  4902 | D:7      | Killed Menkaure
  5328 | D:7      | Noticed Harold
  5342 | D:7      | Killed Harold
  5348 | D:7      | Reached skill level 8 in Long Blades
  5531 | D:7      | Found a staircase to the Ecumenical Temple.
  5625 | Temple   | Entered the Ecumenical Temple
  5728 | D:8      | Found a burning altar of Makhleb.
  5743 | D:8      | Became a worshipper of Makhleb the Destroyer
  5792 | D:7      | Reached XP level 10. HP: 30/68 MP: 13/13
  6208 | D:8      | Found a shattered altar of Ashenzari.
  6212 | D:8      | Found an ancient bone altar of Kikubaaqudgha.
  6294 | D:8      | Found a glowing silver altar of Zin.
  6301 | D:8      | Slain by an orc priest

Skill      XL: |  1  2  3  4  5  6  7  8  9 10 |
---------------+-------------------------------+-----
Stealth        | 1 2 3 4 6 7 |  7.7
Long Blades    | 3 4 5 6 8 |  8.5
Shields        | 4 5 6 7 |  7.1
Fighting       | 4 5 |  5.9
Dodging        | 4 5 |  5.6
Evocations     | 1 4 |  4.7

Action                   |  1- 3 |  4- 6 |  7- 9 | 10-12 || total
-------------------------+-------+-------+-------+-------++-------
Melee: Long sword        |    49 |   116 |   164 |    24 ||   353
       Constrict         |    16 |    37 |    26 |     4 ||    83
       Tentacles         |     5 |    22 |    47 |     7 ||    81
Evoke: Wand              |       |       |     4 |       ||     4
  Use: Scroll            |     2 |    10 |     7 |       ||    19
       Potion            |       |     2 |    13 |       ||    15
 Stab: Sleeping          |     6 |     9 |     8 |     1 ||    24
       Invisible         |       |       |     4 |     4 ||     8
  Eat: Chunk             |       |     7 |     8 |       ||    15
       Ration            |       |       |       |     1 ||     1
Armor: Skin              |     6 |     7 |     4 |       ||    17
Dodge: Dodged            |    35 |    47 |    68 |    13 ||   163
Block: Shield            |    26 |    56 |   133 |    10 ||   225
       Rpst.: Long sword |    11 |    15 |    17 |     5 ||    48
